Cogmind - Beta 16.1 @@@ ROGUE MODE // 2026.02.12 @ 11:32:08 Player: Sakuya Result: Destroyed by EMP Trap Performance ------------- Evolutions (0) 0 Regions Visited (1) 200 Robots Destroyed (14) 70 Value Destroyed (443) 443 Prototype IDs (0) 0 Alien Tech Used (0) 0 Bonus (0) 0 TOTAL SCORE: 713 Bonus ------- None Cogmind --------- Core Integrity 0/250 Matter 298/300 Energy 121/125 System Corruption 1% Temperature Cool (2) Movement Walking (260) Ox2 Location -10/Materials Parts ------- > --- POWER (1) -------- Light Ion Engine > --- PROPULSION (2) --- Aluminum Leg Aluminum Leg > --- UTILITY (2) ------ High-capacity Storage Unit Targeting Computer > --- WEAPON (2) ------- Particle Gun Light Assault Rifle > --- INVENTORY (20) --- Light Treads Light Treads Aluminum Leg Aluminum Leg Small Storage Unit Small Laser Datajack Peak State ------------ > --- POWER ------------ Light Ion Engine > --- PROPULSION ------- Aluminum Leg Aluminum Leg > --- UTILITY ---------- Small Storage Unit Targeting Computer > --- WEAPON ----------- Particle Gun Light Assault Rifle > --- INVENTORY -------- Light Treads Light Treads Aluminum Leg Aluminum Leg High-capacity Storage Unit Small Laser Datajack [Rating: 8] Favorites ----------- Power Ion Engine Engine Ion Engine Propulsion Aluminum Leg Leg Aluminum Leg Wheel Wheel Utility Small Storage Unit Device Heat Sink Storage Small Storage Unit Processor Targeting Computer Protection Light Armor Plating Weapon Light Assault Rifle Energy Gun Medium Laser Ballistic Gun Light Assault Rifle Special Melee Weapon Datajack Build | -11 -10 ------- Run | Yrd Mat Slots Evolved . | . . Power . | . . Propulsion . | . . Utility . | . . Weapon . | . . Parts Attached 22 | 6 16 Power 2 | 1 1 Engine 2 | 1 1 Core . | . . Reactor . | . . Propulsion 7 | 2 5 Treads . | . . Leg 5 | . 5 Wheel 2 | 2 . Hover . | . . Flight . | . . Utility 6 | 1 5 Device 1 | . 1 Storage 3 | 1 2 Processor 1 | . 1 Hackware . | . . Protection 1 | . 1 Artifact . | . . Weapon 7 | 2 5 Energy Gun 3 | 1 2 Energy Cannon . | . . Ballistic Gun 3 | 1 2 Ballistic Cannon . | . . Launcher . | . . Special Weapon . | . . Impact Weapon . | . . Slashing Weapon . | . . Piercing Weapon . | . . Special Melee Weapon 1 | . 1 Unidentified Prototypes . | . . Parts Lost 7 | . 7 Power 1 | . 1 Propulsion 3 | . 3 Utility 2 | . 2 Weapon 1 | . 1 Highest Loss Streak 4 | . 4 To Critical Strikes . | . . Average Backups 6 | 5 6 Power . | 1 . Propulsion 2 | 2 2 Utility 1 | . 1 Weapon 1 | 1 1 Tool/Special . | . . Unused Backups 5 | . 5 Power . | . . Propulsion 3 | . 3 Utility 2 | . 2 Weapon . | . . Tool/Special . | . . Average Slot Usage (%) 89 | . 89 Engine 12 | . 12 Leg 18 | . 18 Wheel 4 | . 4 Device 1 | . 1 Storage 15 | . 15 Protection 6 | . 6 Energy Gun 6 | . 6 Ballistic Gun 20 | . 20 Special Melee Weapon 1 | . 1 Peak Build Rating 8 | 6 8 Average Rating 6 | 3 6 On Entrance 3 | . 6 Avg Prop Armor Cover (%) . | . . Naked Turns . | . . Heaviest Build 53 | 13 53 Greatest Support 20 | 20 20 Greatest Overweight (x) 2 | 1 2 Average Overweight (x) . | . . Largest Inventory Capacity 20 | 8 20 Average Capacity 9 | 7 9 Most Carried 8 | 8 8 Average Carried 6 | 5 6 Final Capacity 20 | 8 20 Final Carried 7 | 6 7 Class Distribution -------------------- 91% | Mutant 8% | Scavenger-Mutant Dominant Class ---------------- Mutant | -10/Materials Resources | -11 -10 ----------- Run | Yrd Mat Matter Collected 491 | 202 289 Remotely . | . . Salvage Created 519 | . 519 Parts 29 | . 29 Haulers Intercepted . | . . Recyclers Shooed . | . . Parts Field Recycled . | . . Retrieved Matter . | . . Parts Self-Destructed . | . . Prevented . | . . Parts Restored . | . . Kills | -11 -10 ------- Run | Yrd Mat Combat Hostiles Destroyed 14 | . 14 Guns 14 | . 14 Classes Destroyed 2 | . 2 Swarmer 3 | . 3 Grunt 11 | . 11 Best Kill Streak 7 | . 7 Combat Bots Only 7 | . 7 Max Kills in Single Turn 1 | . 1 Gunslinging . | . . Exploded . | . . Melee . | . . Uniques/NPCs Destroyed . | . . Combat | -11 -10 -------- Run | Yrd Mat Hostile Shots Fired 119 | . 119 Missed 31 | . 31 Hits 88 | . 88 Projectile 88 | . 88 Critical Strikes 2 | . 2 Damage Taken 1120 | . 1120 Core 263 | . 263 Absorbed by Shields . | . . Core Remaining (%) 100 | 100 . Volleys Fired 62 | . 62 Largest 2 | . 2 Hottest 85 | . 85 Shots Fired 112 | . 112 Gun 112 | . 112 Cannon . | . . Launcher . | . . Special . | . . Kinetic 88 | . 88 Thermal 24 | . 24 Explosive . | . . Electromagnetic . | . . Robot Hit Streak 21 | . 21 Robot Miss Streak 3 | . 3 Penetration Max . | . . Secondary Targets . | . . Shots Hit Robots 80 | . 80 Core Hits 34 | . 34 Critical Kills . | . . Critical Parts Destroyed . | . . Critical Strikes . | . . Melee Attacks 3 | . 3 Impact . | . . Slashing . | . . Piercing . | . . Sneak Attacks . | . . Combat Hostiles . | . . Follow-up Attacks . | . . Damage Inflicted 739 | . 739 Guns 739 | . 739 Cannons . | . . Explosions . | . . Melee . | . . Ramming . | . . Kinetic 552 | . 552 Thermal 187 | . 187 Explosive . | . . Electromagnetic . | . . Impact . | . . Slashing . | . . Piercing . | . . Highest Corruption . | . . Average Corruption . | . . Corruption Purged . | . . Corruption Blocked . | . . Overload Shots . | . . Overflow Damage . | . . Projectiles . | . . Explosions . | . . Melee . | . . Knockbacks . | . . Impact . | . . Kinetic . | . . Secondary . | . . Self-Inflicted Damage . | . . Shots . | . . Rammed . | . . Targets Rammed . | . . Kicked . | . . Crushed . | . . Highest Temperature 90 | . 90 Average Temperature 26 | . 26 Received Heat Transfer 546 | . 546 Siege Activations . | . . Martial Activations . | . . Shielding Activations . | . . Robots Disrupted . | . . Combat Hostiles . | . . Robots Corrupted . | . . Combat Hostiles . | . . Parts Fried . | . . Impact Corruptions . | . . Robots Melted . | . . Combat Hostiles . | . . Parts Melted 1 | . 1 Heat Transferred 472 | . 472 Parts Sabotaged . | . . Parts Stolen . | . . Parts Stripped . | . . Power Chain Reactions . | . . Alert | -11 -10 ------- Run | Yrd Mat Maximum Alert Level . | . . Low Security (%) 100 | 100 100 Level 1 . | . . Level 2 . | . . Level 3 . | . . Level 4 . | . . Level 5 . | . . High Security . | . . Max Security . | . . Peak Influence 147 | . 147 Initial . | . . Average 36 | . 39 Influence Increases 391 | . 391 Destroy 0b10 Robot/C 280 | . 280 Destroy Leader 50 | . 50 Successful Hack 16 | . 16 Lose Combat Pursuer 45 | . 45 Influence Decreases 284 | . 284 Time Decay 214 | . 214 Lost Part 70 | . 70 Squads Dispatched 2 | . 2 Investigation 2 | . 2 Extermination . | . . Reinforcement . | . . Assault . | . . Garrison . | . . Intercept . | . . Searches Triggered . | . . Construction Impeded . | . . Haulers Reinforced . | . . Active Scanning Responses . | . . Cargo Convoy Interrupts . | . . Stealth | -11 -10 --------- Run | Yrd Mat Distress Signals 2 | . 2 Communications Jammed . | . . Distress Signals . | . . Times Spotted 23 | . 23 Peak Tracking Total 8 | . 8 Tactical Retreats 1 | . 1 Traps | -11 -10 ------- Run | Yrd Mat Traps Triggered 1 | . 1 Indirectly . | . . Trap Hack Attempts . | . . Triggered . | . . Disarmed . | . . Reprogrammed . | . . Reused . | . . Traps Extracted . | . . Installed . | . . Triggered . | . . Machines | -11 -10 ---------- Run | Yrd Mat Machines Disabled . | . . Max in Single Turn . | . . Machines Repaired . | . . Machines Dismantled . | . . Machines Sabotaged . | . . Overloaded Fab Kills . | . . Hacking | -11 -10 --------- Run | Yrd Mat Machines Accessed 4 | . 4 Terminals 4 | . 4 Fabricators . | . . Repair Stations . | . . Recycling Units . | . . Scanalyzers . | . . Garrison Access . | . . Total Hacks 12 | . 12 Successful 7 | . 7 Failed 5 | . 5 Catastrophic 1 | . 1 Database Lockouts . | . . Manual . | . . Terminals 12 | . 12 Fabricators . | . . Repair Stations . | . . Recycling Units . | . . Scanalyzers . | . . Garrison Access . | . . Terminal Hacks 7 | . 7 Record 7 | . 7 Fabricator Hacks . | . . Repair Station Hacks . | . . Recycling Unit Hacks . | . . Scanalyzer . | . . Garrison Access Hacks . | . . Unauthorized Hacks . | . . Terminals . | . . Fabricators . | . . Repair Stations . | . . Recycling Units . | . . Scanalyzers . | . . Garrison Access . | . . Data Cores Recovered . | . . Used . | . . Hacking Detections 4 | . 4 Full Trace Events 2 | . 2 Feedback Events . | . . Feedback Blocked . | . . Robot Schematics Acquired . | . . Robots Built . | . . Authchips . | . . Time . | . . Total Robot Build Rating . | . . Part Schematics Acquired . | . . Parts Built . | . . Authchips . | . . Time . | . . Total Part Build Rating . | . . Part Studies Acquired . | . . Parts Repaired . | . . Time . | . . Parts Recycled . | . . Recycled Matter . | . . Retrieved Matter . | . . Retrieved Components . | . . Parts Scanalyzed . | . . Part Schematics Acquired . | . . Parts Damaged . | . . Bothacking | -11 -10 ------------ Run | Yrd Mat Used RIF Installer . | . . Robots Hacked 1 | . 1 Non-combat . | . . Combat 1 | . 1 Robot Hacks Applied 2 | . 2 parse_system 2 | . 2 Relay Couplers Released . | . . Fabnet Peak Effective % . | . . Robots Rewired . | . . Allies Hacked . | . . Hacks Repelled . | . . Allies | -11 -10 -------- Run | Yrd Mat Total Allies . | . . Largest Group . | . . Highest-Rated Group . | . . Highest-Rated Ally . | . . Total Orders . | . . Ally Attacks . | . . Total Damage . | . . Kills . | . . Allies Corrupted . | . . Allies Melted . | . . Intel | -11 -10 ------- Run | Yrd Mat Active Infowar (turns) . | . . Robot Analysis Total . | . . Derelict Logs Recovered . | . . Drone Launches . | . . Drone Recoveries . | . . Exploration | -11 -10 ------------- Run | Yrd Mat Turns Passed 742 | 62 680 Spaces Moved 410 | 60 350 Core 28 | 24 4 Treads . | . . Legs 235 | . 235 Wheels 147 | 36 111 Hover . | . . Flight . | . . Fastest Speed 50 | 50 80 Average Speed 111 | 75 117 Slowest Speed 260 | 100 260 Overloaded Moves . | . . Propulsion Burnouts . | . . Robots Hopped . | . . Potential Cave-ins . | . . Cave-ins Triggered . | . . Exploration Rate (%) 32 | 3 62 Regions Visited 1 Branch Regions . Pre-discovered Areas . | . . Known Exits Taken . | . . Unknown Exits Taken 1 | 1 . Scrap Searched . | . . Spaces Dug . | . . Terrain Destroyed . | . . Melee . | . . Projectile . | . . AOE . | . . Terrain Rammed . | . . Walls Destroyed . | . . Machines Disabled . | . . Actions | -11 -10 --------- Run | Yrd Mat Total 601 | 75 526 Wait 69 | . 69 Move 409 | 59 350 Hop . | . . Pick Up 27 | 10 17 Fast Attach 2 | 2 . Attach 17 | 4 13 Detach . | . . Swap 4 | . 4 Drop 8 | . 8 Fire 62 | . 62 Melee 3 | . 3 Ram . | . . Kick . | . . Crush . | . . Escape Stasis . | . . Rewire . | . . Trap . | . . Miscellaneous . | . . Route ------- -11/Scrapyard -10/Materials (discovered 2 exits: [*Mat] / [*Sub]) History --------- Turn | Location | Event 42 | -11/Scrapyard | Discovered new exit (range 12) 63 | -11/Scrapyard | Entered Materials 64 | -10/Materials | Met a group of wandering Federalists 68 | -10/Materials | Discovered new exit (range 12) 308 | -10/Materials | Build established: Mutant 589 | -10/Materials | Core integrity fell below 50% 645 | -10/Materials | Core integrity fell below 20% 650 | -10/Materials | Lost 4 parts (1p1n1u1w) 682 | -10/Materials | Destroyed 7 combat bots 736 | -10/Materials | Discovered new exit (range 13) 743 | -10/Materials | Destroyed by EMP Trap Last Messages --------------- 00695_ Acquired Aluminum Leg. 00698_ Acquired 10 matter. 00701_ Acquired Aluminum Leg. 00704_ Acquired Targeting Computer. 00705_ Dropped Sml. Laser. 00708_ Acquired Sml. Laser. 00718_ R-06 Scavenger collects Aluminum Leg. 00720_ Acquired 22 matter. 00736_ EXIT=FOUND 00743_ Triggered EMP Trap. 00743_ A bubble of electromagnetic force engulfs the area. 00743_ EMP Trap short circuited. 00743_ A bubble of electromagnetic force engulfs the area. 00743_ Door malfunctions. 00743_ EMP Trap short circuited. 00743_ A bubble of electromagnetic force engulfs the area. [Achievement: First Step to Greatness] Map ----- +----------------------------------------------------+ | ??????????# #????????????????# #?#! | | ??????????# #????????????????# #?##!! | | ??????????# #????????????????# #??### | | ??????????# #????????????????# #????? | | ??????????# #????????????????# #????? | | ??????????# #????????????????# #??### | | ????????### #????????????????# #??# | | ????????# ########+##??????# #??# " | | ????????# #??????# #??# " | | ????????# ######## #??# " | | ????????# % #??# | | ????????# ##/############ ####??# | | ????????## ##!% #??????# #?????# | | ?????????# ## """ #??????# #?????# | | ?????????# ## "T"[!#??????# ######### | | ?????????# ## ######## # | | ?????????# ## % + # "T" | | ?????????# ## ##### #### """ | | ########## #########???# #??# | | # # #???????????# #??######+## | | # # #???????????# #??????# # | | # # ######??????#+######## | | # %#o ####???# + | | # [[ +% / ????# % " # | | # ==# #??????# T # | | # ###^ @^ ^#??????# " # " | | # !! #?# #??????# + " | | # !! #?# #??????# """"" # " | | ##########?# #??????# """"" # | | ???????????# +??????# """"" # | | ???????????#+## #??????# # | | ???????????? ? ^#??????####+##### # | | ???????????? ? ^#?????????# # | | ????????????? ? #?????????######## ## | | ????????????? ? #???????????????# # | | ????????????? ? < #??????????????# ## | | ????????????? ? #?????????????# #?#?? | | ????????????????###????????????# #????? | | ??????????????????????????????? #?????? | | ?????????????????????????????? #??????? | | ?????????????????????????????